 Dungeon Crawl Stone Soup version 0.18-a0-1418-ga86aa8f (webtiles) character file.

37 Tomstefer the Conjurer (level 3, 0/19 HPs)
             Began as a Tengu Conjurer on Feb 26, 2016.
             Slain by a bat (1 damage)
             ... on level 2 of the Dungeon.
             The game lasted 00:03:35 (1313 turns).

Tomstefer the Conjurer (Tengu Conjurer)             Turns: 1313, Time: 00:03:35

Health: 0/19       AC:  2    Str:  8    XL:     3   Next: 41%
Magic:  7/7        EV: 12    Int: 16    God:
Gold:   102        SH:  0    Dex: 14    Spells: 1 memorised, 5 levels left

rFire  . . .     SeeInvis .     h - +0 dagger
rCold  . . .     Gourm    .     a - +0 robe
rNeg   . . .     Faith    .     (no shield)
rPois  .         Spirit   .     (helmet restricted)
rElec  .         Dismiss  .     (no cloak)
rCorr  .         Reflect  .     (no gloves)
SustAt .         Harm     .     (boots unavailable)
MR     .....                    (no amulet)
Stlth  +.........               (no ring)
                                (no ring)

@: confused, not resistant to hostile enchantments, very unstealthy
A: beak, talons 3
a: no special abilities


You were on level 2 of the Dungeon.
You were not hungry.

You visited 1 branch of the dungeon, and saw 2 of its levels.

You collected 102 gold pieces.

Inventory:

Hand Weapons
 h - a +0 dagger (weapon)
Armour
 a - a +0 robe (worn)
Scrolls
 g - a scroll of teleportation {unknown}
 i - 2 scrolls of identify {unknown}
 j - a scroll of amnesia {unknown}
 k - a scroll of remove curse {unknown}
 l - a scroll of enchant weapon {unknown}
 n - a scroll of immolation {unknown}
Potions
 d - a potion of invisibility {unknown}
 e - a potion of curing {unknown}
Books
 b - a book of Conjurations

   Spells                             Type                      Level
   a - Magic Dart                     Conjuration                  1
   b - Searing Ray                    Conjuration                  2
   c - Dazzling Spray                 Conjuration/Hexes            3
   d - Fulminant Prism                Conjuration/Hexes            4
   e - Iskenderun's Mystic Blast      Conjuration                  4
   f - Iskenderun's Battlesphere      Conjuration/Charms           5
Comestibles
 c - 2 bread rations
 f - 4 fruits
 m - 2 chunks of flesh


   Skills:
 - Level 2.1 Dodging
 - Level 2.0 Stealth
 - Level 2.0 Spellcasting
 + Level 6.8 Conjurations


You had 5 spell levels left.
You knew the following spells:

 Your Spells              Type           Power        Failure   Level  Hunger
a - Magic Dart            Conj           ###.         1%          1    #......


Dungeon Overview and Level Annotations

Branches:
Dungeon (2/15)

Altars:

Annotations:
D:2 Sigmund


Innate Abilities, Weirdness & Mutations

You have a beak for a mouth.
You have claws for feet.


Message History

Something tries to affect you, but you resist.
The bat completely misses you. The bat barely misses you.
The bat hits you but does no damage. x2
You are confused.
There is a stone staircase leading down here.
You can't go up here!
Unknown command.
You're too confused to move!
The bat barely misses you. The bat completely misses you.
You're too confused to move!
The bat hits you but does no damage. The bat barely misses you.
You closely miss the bat. The bat misses you. The bat closely misses you.
Something hits you! The bat hits you. The bat closely misses you.
Something hits you!
* * * LOW HITPOINT WARNING * * *
You barely miss the bat. The bat hits you.
* * * LOW HITPOINT WARNING * * *
The bat closely misses you. The bat hits you.
You die...

..............##.# #.#
.####.........##.###
#.# ###........#...###
#.# ..#
#...............
#....###.#.###.........
#...%...## .........
#.##....!###........
#..###.{##>...#
#.##.....b@.### #..
#.#...b....#
....................
##........####.......
......#.## .#.#.#.
.##..#. .)...# ## ..
##...# ... .... #.


You could see 2 bats.

Vanquished Creatures
  An ooze (D:1)
  2 worms (D:2)
  2 dart slugs (D:1)
  A giant cockroach (D:1)
  A hobgoblin (D:1)
  A quokka (D:2)
  2 ball pythons
  5 bats (D:1)
  A giant newt (D:2)
  3 goblins (D:1)
  4 kobolds (D:1)
  3 rats (D:1)
26 creatures vanquished.

Notes
Turn   | Place    | Note
--------------------------------------------------------------
     0 | D:1      | Tomstefer the Tengu Conjurer began the quest for the Orb.
     0 | D:1      | Reached XP level 1. HP: 10/10 MP: 4/4
   261 | D:1      | Reached XP level 2. HP: 15/15 MP: 4/6
   461 | D:1      | Reached skill level 6 in Conjurations
   699 | D:1      | Reached XP level 3. HP: 12/19 MP: 2/7
  1294 | D:2      | Noticed Sigmund
  1313 | D:2      | Slain by a bat

Vault maps used:
D:1:      lightli_arrival_lavapool
D:2:      nicolae_ru_sacrificial_ziggurat, ashenzari_altar_1,
          nicolae_overflow_crystal_walls, uniq_sigmund

Skill      XL: |  1  2 |
---------------+-------+-----
Conjurations   | 6 |  6.8
Dodging        | |  2.1
Stealth        | |  2.0
Spellcasting   | |  2.0

Action                   || total
-------------------------++-------
Melee: Dagger            ||    10
 Cast: Magic Dart        ||    63
  Eat: Chunk             ||     2
